 Dungeon Crawl Stone Soup version 0.15-a0-198-g2f4809b (webtiles) character file.

145372 satsukihimesama the Severer (level 16, -9/145 (147) HPs)
             Began as a Lava Orc Fighter on Apr 20, 2014.
             Was the Champion of Makhleb.
             Mangled by satsukihimesama's illusion (25 damage)
             ... woven by Mara
             ... on Level 5 of the Spider Nest on Apr 23, 2014.
             The game lasted 02:58:32 (31880 turns).

satsukihimesama the Severer (Lava Orc Fighter)     Turns: 31880, Time: 02:58:33

HP  -9/145 (147) AC 23     Str 21 (24) XL: 16   Next: 85%
MP  12/32        EV 20     Int 10      God: Makhleb [******]
Gold 877         SH  0     Dex 15      Spells:  0 memorised, 15 levels left

rFire  + + +     SeeInvis +     u - +10,+8 executioner's axe "Acahogu" {freeze, rElec rC+}
rCold  + . .     Clarity  .     i - +7 ring mail of Skoanah {Str+3 Int+2}
rNeg   . . .     Conserve .     (no shield)
rPois  +         rCorr    .     E - +1 helmet
rElec  +         rRot     .     F - +0 cloak of Starlight {rElec rC+ EV+4 Stlth-}
SustAb . .       Spirit   .     G - +0 pair of gloves
rMut   .         Warding  .     g - +1 pair of boots
Gourm  +         Stasis   .     B - amulet "Ete Brat" {Gourm rPois rF++}
MR     ++...                    Q - ring of protection from magic
                                S - ring of see invisible

@: invisible, very slightly contaminated, very resistant to hostile
enchantments, extremely unstealthy
A: conserve scrolls, fast metabolism 1, saprovore 1
a: Minor Destruction, Lesser Servant of Makhleb, Major Destruction, Greater
Servant of Makhleb, Renounce Religion


You were on level 5 of the Spider Nest.
You worshipped Makhleb.
Makhleb was exalted by your worship.
You were very full.

You visited 5 branches of the dungeon, and saw 33 of its levels.
You visited the Abyss 1 time.
You also visited: Labyrinth.

You collected 2792 gold pieces.
You spent 1915 gold pieces at shops.

Inventory:

Hand weapons
 u - the +10,+8 executioner's axe "Acahogu" (weapon) {freeze, rElec rC+}
   (You bought it in a shop on level 4 of the Orcish Mines)

   It has been specially enchanted to freeze those struck by it, causing extra
   injury to most foes and up to double damage against particularly susceptible
   opponents.
   It can also slow down cold-blooded creatures.
   It protects you from cold.
   It insulates you from electricity.
Missiles
 w - 5 curare-tipped needles
Armour
 g - a +1 pair of boots (worn)
 i - the +7 ring mail of Skoanah (worn) {Str+3 Int+2}
   (You found it on level 8 of the Lair of Beasts)

   It affects your strength (+3).
   It affects your intelligence (+2).
 E - a +1 helmet (worn)
 F - the +0 cloak of Starlight (worn) {rElec rC+ EV+4 Stlth-}
   (You found it in a labyrinth)

   It affects your evasion (+4).
   It protects you from cold.
   It insulates you from electricity.
   It makes you much less stealthy.
 G - a +0 pair of gloves (worn)
Magical devices
 b - a wand of invisibility (3)
 n - a wand of teleportation (1)
 M - a wand of fireball (2)
 R - a wand of draining (9)
 W - a wand of paralysis (11)
 X - a wand of teleportation (3)
 Y - a wand of teleportation (3)
Comestibles
 d - 7 meat rations
 p - 2 chokos
 z - a royal jelly
 A - 16 strawberries
 T - 3 pears
 V - 5 bread rations
Scrolls
 f - 3 scrolls of enchant weapon II
 j - 3 scrolls of recharging
 l - 5 scrolls of fog
 s - 3 scrolls of remove curse
 t - 2 scrolls of vulnerability
 x - a scroll of enchant armour
 y - 5 scrolls of teleportation
 I - a scroll of blinking
 N - a scroll of identify
 U - a scroll of magic mapping
Jewellery
 a - an uncursed amulet of clarity
 c - an uncursed amulet of resist mutation
 o - an uncursed amulet of conservation
 B - the amulet "Ete Brat" (around neck) {Gourm rPois rF++}
   (You found it in a labyrinth)

   [amulet of the gourmand]

   It allows you to eat raw meat even when not hungry.
   It greatly protects you from fire.
   It protects you from poison.
 C - an uncursed ring of protection from cold
 P - an uncursed ring of sustain abilities
 Q - a ring of protection from magic (right hand)
 S - a ring of see invisible (left hand)
Potions
 e - 6 potions of might
 h - 2 potions of invisibility
 m - 3 potions of resistance
 q - 7 potions of curing
 v - a potion of flight
 H - 2 potions of brilliance
 K - 2 potions of magic
 L - 2 potions of agility
 O - a potion of porridge
 Z - 3 potions of restore abilities
Books
 k - a Young Poisoner's Handbook

   Spells                             Type                      Level
   Sting                              Conjuration/Poison           1
   Cure Poison                        Poison                       2
   Mephitic Cloud                     Conjuration/Poison/Air       3
   Olgreb's Toxic Radiance            Poison                       4
   Venom Bolt                         Conjuration/Poison           5
 J - a book of Debilitation

   Spells                             Type                      Level
   Corona                             Hexes                        1
   Slow                               Hexes                        2
   Inner Flame                        Hexes/Fire                   3
   Enslavement                        Hexes                        4
   Cause Fear                         Hexes                        4
   Leda's Liquefaction                Hexes/Earth                  4
Rods
 r - a +0 rod of shadows (13/13)
   (You found it on level 10 of the Dungeon)


   Skills:
 - Level 14.9 Fighting
 + Level 20.5 Axes
 - Level 14.3 Armour
 - Level 10.6 Dodging
   Level 5.8 Shields
 - Level 14.0 Invocations


You had 15 spell levels left.
You didn't know any spells.

Dungeon Overview and Level Annotations

Branches:
Dungeon (15/15)               Orc (4/4) D:12            Elf (0/3) Orc:4
   Lair (8/8) D:10         Shoals (0/5) Lair:5       Spider (5/5) Lair:3
  Slime (0/6) Lair:7       Vaults (0/5) D:14         Depths (1/5) D:15
 Temple: D:4-7

Altars:
Ashenzari
Cheibriados
Makhleb
Trog
Xom
Zin
The Shining One
Beogh
Jiyva

Shops:
D:7 %   Orc:3 %   Orc:4 ?*=}*[(

Annotations:
D:4 exclusion: downstairs
D:6 Pikel
D:12 Sonja
Lair:1 Gastronok
Spider:5 Arachne, Mara


Innate Abilities, Weirdness & Mutations

You have stony skin.
Your flesh is almost immune to the effects of heat.
Your fire spells are more powerful.
Your flesh is vulnerable to cold.
Your heat harms attackers.
You bathe your surroundings in blazing heat.
You are too hot to use scrolls.
You are very good at protecting items from fire.
You can tolerate rotten meat.
You have a fast metabolism.


Message History

The emperor scorpion completely misses you.
The emperor scorpion closely misses you. x2
Drink which item? (? for menu, Esc to quit)
You feel better.
Your surroundings suddenly seem different.
Mara gestures at you. The bolt of fire hits you! You resist.
One of your 3 scrolls of vulnerability catches fire!
* * * LOW HITPOINT WARNING * * *
Mara gestures at you.
The bolt of fire hits Mara.
Mara resists.
The bolt of fire hits you! You resist.
* * * LOW HITPOINT WARNING * * *
Unknown command.
Drink which item? (? for menu, Esc to quit)
You feel better. The green death gestures at you.
The bolt of poison hits satsukihimesama's illusion.
The bolt of poison misses you. Satsukihimesama's illusion hits you!
You die...

#...#^....^...............
#........#.#...##.......#
##.....###......# ....
##...###....#.### #.
#..........## # .
##.......#### .
#[......##..##### ..
#.###^.....^##..# .R.
###...2@@.####..#####.R..
#....##RR##...^#.......#
#..........ยง.R...?......
#......#..##............
##....##..R.....#.##....
##.####.^..#.....# .#. ##
###....##....^.#
...^.....##...^. ...#.....
....#


You could see 3 Maras, a green death and satsukihimesama's illusion.

Vanquished Creatures
  2 tentacled starspawn (Abyss:1)
  A ghost moth (Spider:4)
  An emperor scorpion (Spider:3)
  Azrael (D:14)
  A minotaur (Lab)
  4 vault guards (D:13)
  An ironheart preserver (Abyss:1)
  2 fire dragons
  3 hydras
  A ravenous item mimic (Spider:3)
  3 ogre magi
  A tengu warrior (D:15)
  2 orc high priests
  3 death yaks
  6 centaur warriors
  Nergalle (Orc:4)
  A sun demon (Abyss:1)
  2 wretched stars (Abyss:1)
  6 large abominations (Abyss:1)
  3 unseen horrors
  3 hill giants
  7 orb spiders
  5 orc knights
  A wizard (D:15)
  5 griffons
  2 red wasps
  A manticore (Lair:7)
  6 orc sorcerers
  24 wolf spiders
  A moth of wrath (Spider:3)
  2 black mambas
  2 worldbinders (Abyss:1)
  3 cyclopes
  A dire elephant zombie (Abyss:1)
  A queen ant (Lair:3)
  10 demonic crawlers
  An orange demon (Spider:5)
  An item mimic (D:10)
  3 smoke demons (Abyss:1)
  An efreet (D:15)
  2 feature mimics
  13 spiny frogs
  6 fire drakes
  2 komodo dragons
  7 two-headed ogres
  An ancient zyme (Abyss:1)
  2 giant leeches (Lair:8)
  3 trolls
  A polar bear (shapeshifter) (Abyss:1)
  A freezing wraith (Abyss:1)
  Prince Ribbit (D:8)
  4 ravens (D:15)
  A boulder beetle (Lair:7)
  A queen bee (Lair:5)
  20 jumping spiders
  A harpy skeleton (Abyss:1)
  5 raiju (Abyss:1)
  10 slime creatures
  24 blink frogs
  30 redbacks
  5 basilisks
  15 trapdoor spiders
  A flying skull (Abyss:1)
  2 water elementals (Abyss:1)
  A hill giant zombie (D:11)
  4 deep elf magi
  9 tarantellas
  49 yaks
  5 ynoxinuls (Abyss:1)
  A human (D:7)
  6 neqoxecs
  A steam dragon (D:10)
  18 ugly things
  6 sharks (Lair:8)
  A hog (D:7)
  2 elephant slugs
  A fire bat (Abyss:1)
  A shadow (D:14)
  Eustachio (D:9)
  17 hippogriffs
  7 hungry ghosts
  5 wyverns
  10 vampire mosquitoes
  4 wandering mushrooms (Lab)
  2 golden eyes (Abyss:1)
  A chaos spawn (Abyss:1)
  A fire elemental (D:14)
  2 hill giant skeletons
  Edmund (D:5)
  3 necrophages
  6 wargs
  8 small abominations (Abyss:1)
  6 soldier ants
  A deep troll skeleton (D:15)
  10 water moccasins
  A mottled dragon (D:14)
  18 spiders
  5 hell hounds
  17 orc warriors
  A manticore zombie (D:14)
  A black bear (D:4)
  A slave (D:6)
  5 porcupines
  9 ice beasts
  29 centaurs
  2 giant goldfish (Lair:8)
  2 sky beasts
  14 ogres
  2 phantoms (D:4)
  2 big kobolds
  2 boring beetles
  46 giant frogs
  4 giant slugs
  Blork the orc (D:5)
  9 crocodiles
  A gnoll sergeant (D:11)
  23 killer bees (Lair:5)
  3 scorpions
  2 eyes of draining
  A warg zombie (Orc:3)
  A hippogriff zombie (D:14)
  A yak skeleton (D:9)
  2 electric eels
  A hippogriff skeleton (D:8)
  6 wights
  A quasit (D:9)
  2 giant frog zombies (D:9)
  A basilisk zombie (D:15)
  15 crimson imps
  4 starcursed masses (Abyss:1)
  4 jellies
  6 big fish (Lair:8)
  An elf zombie (D:9)
  4 goliath beetles
  3 hounds
  9 iguanas
  11 orc priests
  28 orc wizards
  14 worker ants
  3 spectral orcs (Orc:4)
  2 gnoll shamans
  3 kobold skeletons
  13 sheep
  7 orange rats (Lair:5)
  2 ogre zombies
  A brain worm zombie (D:13)
  An ogre skeleton (Orc:3)
  61 green rats
  22 adders
  20 gnolls
  4 shadow imps
  5 giant mites
  2 white imps
  8 worms
  11 ufetubi (Abyss:1)
  An adder zombie (D:9)
  An ooze (D:2)
  157 orcs
  A bat skeleton (D:8)
  2 bat zombies
  6 giant cockroaches
  16 goblins
  13 hobgoblins
  28 jackals
  31 kobolds
  A ball python (D:3)
  20 bats
  5 giant geckos
  A giant newt (D:2)
  A giant spore (D:14)
  A lurking horror (Abyss:1)
  2 orc skeletons (Orc:3)
  8 orc zombies
  12 quokkas
  17 rats
  6 ballistomycetes
  4 fungi
  25 plants
  A starspawn tentacle (Abyss:1)
1313 creatures vanquished.

Vanquished Creatures (collateral kills)
  Saint Roka (Orc:4)
  An Executioner (Abyss:1)
  The ghost of Jon2 the Severer, a powerful LOBe of Trog (D:13)
  A green death (Orc:4)
  2 hydras
  3 orb spiders
  6 orc knights
  2 orc sorcerers (Orc:4)
  2 slime creatures (D:13)
  A smoke demon (Abyss:1)
  A feature mimic (D:13)
  A deep elf mage (D:13)
  2 fire elementals (D:14)
  A redback (Spider:5)
  An orc zombie (Orc:4)
  2 hippogriffs (Lair:7)
  2 wargs (Orc:3)
  A hell hound (D:14)
  2 ogres (Orc:4)
  5 orc warriors (Orc:4)
  A giant frog (D:13)
  6 orc wizards
  3 orc priests
  6 orcs
  2 kobolds (D:13)
56 creatures vanquished.

Vanquished Creatures (others)
  An Executioner (Spider:5)
  A balrug (Orc:4)
  A green death (Orc:3)
  2 blizzard demons
  An orange demon (Lab)
  2 smoke demons
  A hellwing (Lair:7)
  3 ynoxinuls
  A basilisk (D:15)
  4 neqoxecs
  A killer bee (D:14)
  A crimson imp (Lair:7)
  An iron imp (Lair:7)
  A white imp (Spider:5)
  4 ufetubi
  An orc (Orc:3)
  2 giant spores
  10 fungi
  12 plants
  7 starspawn tentacles (Abyss:1)
  48 starspawn tentacle segments (Abyss:1)
105 creatures vanquished.

Grand Total: 1474 creatures vanquished

Notes
Turn   | Place    | Note
--------------------------------------------------------------
     0 | D:1      | satsukihimesama, the Lava Orc Fighter, began the quest for the Orb.
     0 | D:1      | Reached XP level 1. HP: 19/19 MP: 1/1
    59 | D:1      | Reached XP level 2. HP: 20/26 MP: 2/2
   479 | D:2      | Reached skill level 4 in Axes
   657 | D:2      | Reached XP level 3. HP: 29/31 MP: 3/3
   704 | D:2      | Reached skill level 5 in Axes
   845 | D:2      | Reached XP level 4. HP: 26/39 MP: 4/4
  1360 | D:3      | Found a bloodstained altar of Trog.
  1474 | D:3      | Reached skill level 6 in Axes
  1481 | D:3      | Reached XP level 5. HP: 27/45 MP: 5/5
  1717 | D:3      | Found a shimmering altar of Xom.
  1721 | D:3      | Reached skill level 7 in Axes
  1904 | D:3      | Reached XP level 6. HP: 24/51 MP: 6/6
  1976 | D:3      | Reached skill level 8 in Axes
  2096 | D:4      | Got a brightly glowing ivory ring
  2352 | D:4      | Found a snail-covered altar of Cheibriados.
  2480 | D:4      | Reached skill level 9 in Axes
  2528 | D:4      | Reached XP level 7. HP: 51/57 MP: 7/7
  2875 | D:4      | Reached skill level 10 in Axes
  2937 | D:5      | Entered Level 5 of the Dungeon
  2937 | D:5      | Noticed Blork the orc
  2978 | D:5      | Noticed Edmund
  3004 | D:5      | Killed Edmund
  3125 | D:5      | Reached skill level 11 in Axes
  3331 | D:5      | Reached XP level 8. HP: 51/64 MP: 8/8
  3444 | D:5      | Reached skill level 5 in Shields
  3492 | D:5      | Killed Blork the orc
  3496 | D:5      | Identified the ring "Vefyjuc" {Fire +Inv MR+ Stlth--} (You found it on level 4 of the Dungeon)
  3957 | D:6      | Noticed Pikel
  4174 | D:6      | Found a burning altar of Makhleb.
  4179 | D:6      | Became a worshipper of Makhleb the Destroyer
  4324 | D:7      | Reached skill level 12 in Axes
  4582 | D:7      | Reached XP level 9. HP: 65/70 MP: 9/9
  4710 | D:7      | Reached skill level 13 in Axes
  4730 | D:7      | Noticed a two-headed ogre
  4734 | D:7      | Killed a two-headed ogre
  4801 | D:7      | Acquired Makhleb's first power
  5239 | D:7      | Found Thruw's Food Shop.
  5512 | D:8      | Reached skill level 14 in Axes
  5689 | D:8      | Acquired Makhleb's second power
  5700 | D:8      | Reached skill level 15 in Axes
  5948 | D:8      | Reached XP level 10. HP: 77/77 MP: 10/10
  6141 | D:8      | Got a shimmering robe
  6148 | D:8      | Identified the +2 robe of Gallantry {Str+3} (You found it on level 8 of the Dungeon)
  6235 | D:8      | Noticed Prince Ribbit
  6249 | D:8      | Killed Prince Ribbit
  6391 | D:9      | Noticed Eustachio
  6452 | D:9      | Reached skill level 16 in Axes
  6588 | D:9      | Acquired Makhleb's third power
  6683 | D:9      | Reached skill level 5 in Fighting
  6783 | D:9      | Reached skill level 5 in Armour
  7013 | D:9      | Found a glowing silver altar of Zin.
  7154 | D:9      | Acquired Makhleb's fourth power
  7163 | D:9      | Killed Eustachio
  7235 | D:10     | Entered Level 10 of the Dungeon
  7257 | D:10     | Identified Dyesargh's Collected Works on Unstable Clay
  7713 | D:10     | Found a staircase to the Lair.
  7795 | Lair:1   | Entered Level 1 of the Lair of Beasts
  7801 | Lair:1   | Reached XP level 11. HP: 79/90 MP: 11/11
  8070 | Lair:1   | Noticed Gastronok
  8451 | Lair:2   | Reached skill level 10 in Fighting
  8485 | Lair:2   | Acquired Makhleb's fifth power
  8733 | Lair:2   | Reached skill level 1 in Dodging
  9780 | Lair:3   | Found a hole to the Spider Nest.
  9883 | Lair:3   | Reached skill level 5 in Dodging
 10884 | Lair:3   | Reached XP level 12. HP: 62/106 MP: 12/12
 12291 | Lair:5   | Found a staircase to the Shoals.
 13225 | Lair:6   | Noticed a four-headed hydra
 13602 | Lair:6   | Reached skill level 1 in Invocations
 13640 | Lair:6   | Killed an eight-headed hydra
 14049 | Lair:7   | Reached skill level 5 in Invocations
 14054 | Lair:7   | Found a labyrinth entrance.
 14086 | Lab      | Entered a labyrinth
 15596 | Lab      | Upgraded the game from 0.15-a0-183-gc0cdb55 to 0.15-a0-187-g0bb430c
 16356 | Lab      | Noticed a minotaur
 16388 | Lab      | HP: 3/109 [minotaur/glowing dire flail (10)]
 16403 | Lab      | Killed a minotaur
 16403 | Lab      | Reached XP level 13. HP: 30/115 MP: 23/23
 16437 | Lab      | Got a glittering tin amulet
 16438 | Lab      | Got a transparent war axe
 16438 | Lab      | Got a crude leather armour
 16554 | Lair:7   | Identified the +0 leather armour "Friotrad" {Str+4 Dex+2 Int+2} (You found it in a labyrinth)
 16587 | Lair:7   | Identified the +5,+10 war axe "Hauru" {freeze, Int+4} (You found it in a labyrinth)
 16612 | Lair:7   | Noticed a six-headed hydra
 16636 | Lair:7   | Killed a seven-headed hydra
 16716 | Lair:7   | Identified the amulet "Ete Brat" {Gourm rPois rF++} (You found it in a labyrinth)
 17187 | Lair:7   | Found a staircase to the Slime Pits.
 17188 | Lair:7   | Found a viscous altar of Jiyva.
 17339 | Lair:7   | Noticed a seven-headed hydra
 17359 | Lair:7   | Noticed a four-headed hydra
 17381 | Lair:7   | Killed an eight-headed hydra
 17383 | Lair:7   | Reached skill level 10 in Armour
 17568 | Lair:8   | Entered Level 8 of the Lair of Beasts
 17839 | Lair:8   | Reached skill level 10 in Invocations
 18304 | Lair:8   | Got a slimy ring mail
 18324 | Lair:8   | Identified the +7 ring mail of Skoanah {Str+3 Int+2} (You found it on level 8 of the Lair of Beasts)
 18338 | Lair:8   | Got a smoking scimitar
 18339 | Lair:8   | Identified the +9,+6 scimitar of Jiju {venom, rElec Int-2} (You found it on level 8 of the Lair of Beasts)
 19195 | D:10     | Reached XP level 14. HP: 123/123 MP: 29/29
 19405 | D:10     | Found a staircase to the Orcish Mines.
 19412 | D:10     | the staircase to the Orcish Mines was a mimic.
 19864 | D:11     | Found a staircase to the Orcish Mines.
 19876 | D:11     | the staircase to the Orcish Mines was a mimic.
 20077 | D:11     | Found a glowing golden altar of the Shining One.
 20452 | D:12     | Found a staircase to the Orcish Mines.
 20749 | D:12     | Got a crude chain mail
 20867 | D:12     | Noticed Sonja
 20967 | Orc:1    | Entered Level 1 of the Orcish Mines
 21753 | Orc:2    | Upgraded the game from 0.15-a0-187-g0bb430c to 0.15-a0-193-gf781f13
 22366 | D:13     | Noticed Jon2's ghost (powerful LOBe)
 22375 | D:13     | Killed Jon2's ghost
 23273 | D:14     | Found a gate to the Vaults.
 24107 | D:14     | Noticed Azrael
 24117 | D:14     | Killed Azrael
 24263 | D:14     | Gained mutation: You have sharp toenails. [potion of beneficial mutation]
 24526 | D:14     | Identified the +0 chain mail of Demons {rPois rC+} (You found it on level 12 of the Dungeon)
 25078 | Orc:3    | Found Wiafuz's Food Emporium.
 25597 | Orc:3    | Found a roughly hewn altar of Beogh.
 25916 | Orc:4    | Entered Level 4 of the Orcish Mines
 25916 | Orc:4    | Found Raeth's Magic Scroll Shoppe.
 25932 | Orc:4    | Reached XP level 15. HP: 134/134 MP: 31/31
 25970 | Orc:4    | Found a staircase to the Elven Halls.
 26045 | Orc:4    | Noticed Nergalle
 26061 | Orc:4    | Noticed Saint Roka
 26064 | Orc:4    | Killed Nergalle
 26072 | Orc:4    | Found Qopus' Gadget Shop.
 26117 | Orc:4    | Bought a wand of teleportation (6) for 450 gold pieces
 26136 | Orc:4    | Found Vasyr's Assorted Antiques.
 26146 | Orc:4    | Bought a polished ring mail for 198 gold pieces
 26168 | Orc:4    | Identified the +3 ring mail of Khadeeji {Dex+3 Int+4} (You bought it in a shop on level 4 of the Orcish Mines)
 26182 | Orc:4    | Bought a glowing crystal amulet for 110 gold pieces
 26287 | Orc:4    | Cast into the Abyss (ogre mage)
 26416 | Abyss:1  | Noticed a tentacled starspawn
 26430 | Abyss:1  | Gained mutation: You can spit poison. [a neqoxec]
 26435 | Abyss:1  | Killed a tentacled starspawn
 26476 | Abyss:1  | Gained mutation: You are dopey. (Int -2) [a neqoxec]
 26626 | Abyss:1  | Paralysed by accursed screaming for 2 turns
 26701 | Abyss:1  | Noticed a lich
 26869 | Abyss:1  | Reached skill level 10 in Dodging
 26875 | Abyss:1  | Gained mutation: You have a fast metabolism. [a neqoxec]
 26941 | Abyss:1  | Noticed an Executioner
 26955 | Abyss:1  | Killed an Executioner
 26962 | Abyss:1  | Found a corrupted altar of Lugonu.
 27150 | Abyss:1  | Noticed a tentacled starspawn
 27184 | Abyss:1  | Killed a tentacled starspawn
 27251 | Abyss:1  | Noticed a bone dragon
 27275 | Abyss:1  | Gained mutation: Armour fits poorly on your strangely shaped body. [a neqoxec]
 27488 | Orc:4    | Escaped the Abyss
 27697 | Orc:4    | Killed Saint Roka
 27758 | Orc:4    | Found a roughly hewn altar of Beogh.
 27784 | Orc:4    | Found Yrumoh's Jewellery Boutique.
 27799 | Orc:4    | Bought an uncursed amulet of resist mutation for 640 gold pieces
 27839 | Orc:4    | Found Osiufasa's Antique Weapon Boutique.
 27847 | Orc:4    | Bought a slimy executioner's axe for 495 gold pieces
 27851 | Orc:4    | Identified the +10,+8 executioner's axe "Acahogu" {freeze, rElec rC+} (You bought it in a shop on level 4 of the Orcish Mines)
 27893 | Orc:4    | Found Titefrughuu's General Store.
 27899 | Orc:4    | Bought a potion of curing for 22 gold pieces
 27970 | Orc:4    | Found Pnaal's Antique Armour Boutique.
 28185 | D:13     | Lost mutation: You are dopey. (Int -2) [potion of cure mutation]
 28185 | D:13     | Lost mutation: You have sharp toenails. [potion of cure mutation]
 28185 | D:13     | Lost mutation: Armour fits poorly on your strangely shaped body. [potion of cure mutation]
 28185 | D:13     | Lost mutation: You can spit poison. [potion of cure mutation]
 28283 | D:15     | Entered Level 15 of the Dungeon
 28608 | D:15     | Found a shattered altar of Ashenzari.
 28740 | D:15     | Reached skill level 17 in Axes
 28922 | D:15     | Reached XP level 16. HP: 132/145 MP: 32/32
 28925 | D:15     | Found a staircase to the Depths.
 28933 | Depths:1 | Entered Level 1 of the Depths
 29224 | Lair:1   | Upgraded the game from 0.15-a0-193-gf781f13 to 0.15-a0-198-g2f4809b
 29243 | Lair:1   | Identified a +0 rod of shadows (13/13) (You found it on level 10 of the Dungeon)
 29414 | Spider:1 | Entered Level 1 of the Spider Nest
 29745 | Spider:1 | Reached skill level 18 in Axes
 30638 | Spider:3 | Reached skill level 19 in Axes
 31345 | Spider:4 | Reached skill level 20 in Axes
 31541 | Spider:5 | Entered Level 5 of the Spider Nest
 31855 | Spider:5 | Noticed Mara
 31861 | Spider:5 | Noticed satsukihimesama's illusion
 31875 | Spider:5 | Noticed Arachne
 31880 | Spider:5 | Mangled by satsukihimesama's illusion

Action                   |  1- 3 |  4- 6 |  7- 9 | 10-12 | 13-15 | 16-18 || total
-------------------------+-------+-------+-------+-------+-------+-------++-------
Melee: War axe           |   114 |   113 |   264 |    53 |  1461 |       ||  2005
       Dagger            |       |   116 |   128 |       |       |       ||   244
       Battleaxe         |       |       |    25 |   966 |       |       ||   991
       Executioner's axe |       |       |       |       |   111 |   335 ||   446
Invok: Lesser Servant of |       |       |       |     6 |     9 |     6 ||    21
       Greater Servant o |       |       |       |       |    16 |     2 ||    18
Evoke: Wand              |       |     1 |     8 |     7 |     9 |    28 ||    53
  Use: Scroll            |       |    12 |    10 |     7 |    20 |     8 ||    57
       Potion            |       |     2 |       |    16 |     9 |     4 ||    31
 Stab: Distracted        |       |       |       |     2 |     1 |       ||     3
       Sleeping          |       |       |       |     1 |       |       ||     1
